 Dungeon Crawl Stone Soup version 0.29-a0-334-gb41bcbb86e (webtiles) character file.

Game seed: 5314805006464123844

305 Morbidden the Gusty (level 6, 0/55 HPs)
             Began as a Troll Air Elementalist on Apr 14, 2022.
             Slain by Blork the orc
             ... wielding a +0 glaive
              (5 damage)
             ... on level 4 of the Dungeon.
             The game lasted 00:04:22 (4041 turns).

Morbidden the Gusty (Troll Air Elementalist)        Turns: 4041, Time: 00:04:22

Health: 0/55       AC:  4    Str: 17    XL:     6   Next: 16%
Magic:  17/17      EV: 10    Int: 13    God:
Gold:   192        SH:  0    Dex: 10    Spells: 6/9 levels left

rFire   . . .      SeeInvis .     - Unarmed
rCold   . . .      Faith    .   (no shield)
rNeg    . . .      Spirit   .   a - +0 robe
rPois   +          Reflect  .   (helmet restricted)
rElec   .          Harm     .   (no cloak)
rCorr   .          Rampage  .   (gloves unavailable)
Will    .....                   (boots unavailable)
Stlth   +.........              (no amulet)
HPRegen 0.98/turn               j - ring of magical power
MPRegen 0.15/turn               q - ring of poison resistance

@: no status effects
A: large, unfitting armour, claws 3, regeneration 1, shaggy fur 1, tough skin 1
a: no special abilities


You were on level 4 of the Dungeon.
You visited 1 branch of the dungeon, and saw 4 of its levels.

You collected 192 gold pieces.

Inventory:

Missiles
 o - 4 large rocks (quivered)
 r - 3 boomerangs
Armour
 a - a +0 robe (worn)
Jewellery
 j - a ring of magical power (left claw)
 q - a ring of poison resistance (right claw)
 v - a ring of flight
Scrolls
 c - a scroll of identify {unknown}
 f - 2 scrolls of teleportation {unknown}
 k - 2 scrolls of enchant armour {unknown}
 l - 2 scrolls of magic mapping {unknown}
 s - a scroll of immolation {unknown}
 u - a scroll of fear {unknown}
Potions
 b - a potion of magic
 d - 4 potions of might {unknown}
 e - 2 potions of curing {unknown}
 g - 2 potions of heal wounds {unknown}
 h - a potion of brilliance {unknown}
 i - a potion of invisibility {unknown}
 m - 2 potions of degeneration {unknown}
 n - a potion of mutation {unknown}
 p - a potion of resistance {unknown}
 w - a potion of attraction {unknown}


   Skills:
 * Level 1.1 Fighting
 * Level 2.3 Dodging
 + Level 1.2 Stealth
 + Level 2.0 Unarmed Combat
 * Level 2.0 Spellcasting
 * Level 2.0 Conjurations
 * Level 2.8 Air Magic


You had 6 spell levels left.
You knew the following spells:

 Your Spells              Type           Power      Damage    Failure   Level
a - Shock                 Conj/Air       28%        1d4       10%         1
b - Static Discharge      Conj/Air       7%         N/A       14%         2

Your spell library contained the following spells:

 Spells                   Type           Power      Damage    Failure   Level
 Swiftness                Air            8%         N/A       24%         3
 Apportation              Tloc           2%         N/A       26%         1
 Airstrike                Air            4%         N/A       61%         4
 Alistair's Intoxication  Tmut/Pois      0%         N/A       100%        5


Dungeon Overview and Level Annotations

Branches:
Dungeon (4/15)
 Temple: D:4-7

Altars:

Shops:
D:4 (

Annotations:
D:4 Blork the orc


Innate Abilities, Weirdness & Mutations

You are too large for most types of armour.
You have claws for hands.
Your natural rate of healing is unusually fast.
You are covered in fur. (AC +1)
You have tough skin. (AC +1)


Message History

Done waiting.
You start waiting.
Done waiting.
Unknown command.
Unknown command.
You climb downwards.
Level annotation: Blork the orc
There is a stone staircase leading up here.
Unknown command.
Throw: 2 darts (curare)
Press: ? - help, Q - select action, (/) - cycle Shift-Dir - straight line, f - Blork the orc
Aim: Blork the orc, wielding a +0 glaive and wearing a +0 robe (58% to hit)
You throw a curare-tipped dart.
The curare-tipped dart completely misses Blork the orc.
Blork the orc hits you from afar with a +0 glaive.
Blork the orc hits you with a +0 glaive.
You scratch Blork the orc.
Blork the orc is lightly wounded.
Blork the orc hits you with a +0 glaive!
You claw Blork the orc! Your claw misses Blork the orc.
Blork the orc is moderately wounded.
Blork the orc hits you with a +0 glaive!
You are too injured to fight recklessly!
You are too injured to fight recklessly!
You are too injured to fight recklessly!
Unknown command.
Throw: dart (curare)
Press: ? - help, Q - select action, (/) - cycle Shift-Dir - straight line, f/p - Blork the orc
Aim: Blork the orc, wielding a +0 glaive and wearing a +0 robe (moderately wounded, 58% to hit)
You throw a curare-tipped dart.
The curare-tipped dart closely misses Blork the orc.
Blork the orc hits you with a +0 glaive!
* * * LOW HITPOINT WARNING * * *
Unknown command.
Unknown command.
Blork the orc attacks as you move away!
Blork the orc hits you with a +0 glaive!
* * * LOW HITPOINT WARNING * * *
Blork the orc hits you from afar with a +0 glaive.
You die...

#....##.###.# #.#
#.........#.# #.#
#...#######.# #.#
............# #.#
#.########### #.#
..# ###########.#
### #...........#
#.###########
#.##..@.o.#
########.##.####.#
.........##.####.#
#######.......#..#
..........#.#.#.##
#...........#.#.#
#...#####.#.#.#.#
..........#.#.#.#
###.#########.#)#


You could see Blork the orc.

Vanquished Creatures
  A phantom (D:2)
  2 jellies (D:4)
  An orc priest (D:3)
  4 gnolls (D:3)
  2 adders (D:2)
  A white imp (D:4)
  An ufetubus (D:4)
  3 worms
  2 dart slugs
  3 orcs (D:3)
  7 bats
  2 endoplasms
  2 giant cockroaches (D:1)
  6 goblins
  3 hobgoblins (D:3)
  3 jackals (D:3)
  5 quokkas
  3 ball pythons (D:1)
  2 frilled lizards (D:1)
  6 kobolds
  6 rats
65 creatures vanquished.

Notes
Turn   | Place    | Note
-------+----------+-------------------------------------------
     0 | D:1      | Morbidden the Troll Air Elementalist began the quest for
                  | the Orb.
     0 | D:1      | Reached XP level 1. HP: 16/16 MP: 1/1
    76 | D:1      | Found a faded altar of an unknown god.
   101 | D:1      | Reached XP level 2. HP: 24/24 MP: 3/3
   220 | D:1      | Reached skill level 1 in Conjurations
   642 | D:1      | Reached XP level 3. HP: 31/32 MP: 4/4
  1005 | D:2      | Noticed a phantom
  1022 | D:2      | Killed a phantom
  1023 | D:2      | Reached skill level 1 in Unarmed Combat
  1023 | D:2      | Reached XP level 4. HP: 26/40 MP: 1/5
  1671 | D:2      | Learned a level 2 spell: Static Discharge
  2006 | D:3      | Reached skill level 1 in Fighting
  2034 | D:3      | Reached XP level 5. HP: 48/48 MP: 6/6
  3165 | D:4      | Found Ubbump's Antique Weapon Boutique.
  3538 | D:4      | Reached XP level 6. HP: 37/55 MP: 8/8
  3818 | D:4      | Noticed Blork the orc
  4041 | D:4      | Slain by Blork the orc

Illustrated notes

Levels and vault maps discovered:
D:1:      moated_graveyard_arrival, layout_basic, serial_aquarium,
          aquarium_bridge_straight [aquarium_subvault_bridge,
          aquarium_subvault_balcony, aquarium_subvault_bridge,
          aquarium_subvault_wall], aquarium_window_fake, aquarium_window_2,
          aquarium_window_corridor_1, aquarium_view_2d, aquarium_pool_corner,
          basic_ecumenical_altar
D:2:      layout_loops_corners, serial_park_tiny_2
D:3:      layout_loops_ring
D:4:      layout_basic, mainiacjoe_overflow_alcove_4, serial_shops,
          shop_fountains, roderic_lattice_a, uniq_blork_the_orc

Skill      XL: |  1  2  3  4  5  6 |
---------------+-------------------+-----
Conjurations   | 1 2 |  2.0
Dodging        | 2 |  2.3
Unarmed Combat | 1 2 |  2.0
Fighting       | 1 |  1.1
Spellcasting   | 2 |  2.0
Stealth        | |  1.2
Air Magic      | |  2.8

Action                   |  1- 3 |  4- 6 || total
-------------------------+-------+-------++-------
Melee: Unarmed           |   113 |    32 ||   145
       Punch             |     1 |       ||     1
Throw: Boomerang         |       |     4 ||     4
       Dart              |       |     2 ||     2
 Cast: Shock             |    16 |   106 ||   122
 Stab: Sleeping          |     1 |       ||     1
Armor: Robe              |    51 |    22 ||    73
Dodge: Dodged            |    53 |    34 ||    87

Table legend: (Time is in decaauts)
 A = Elapsed time spent in this place.
 B = Non-inter-level travel time spent in this place.
 C = Inter-level travel time spent in this place.
 D = Time resting spent in this place.
 E = Time spent auto-exploring this place.
 F = Levels seen in this place.
 G = Mean time per level.
                   A        B        C        D        E       F      G
               +--------+--------+--------+--------+--------+-----+--------+
         Total |   4041 |   3982 |     59 |    299 |   3083 |   4 | 1010.2 |
       Dungeon |   4041 |   3982 |     59 |    299 |   3083 |   4 | 1010.2 |
               +--------+--------+--------+--------+--------+-----+--------+

Top non-repeatable levels by time:
     D:3: 1224 daAuts
     D:2: 1183 daAuts
     D:1: 820 daAuts
     D:4: 813 daAuts
